 Dungeon Crawl Stone Soup version 0.28.0-49-g6dfe1f597d (webtiles) character file.

Game seed: 9604464461007734364

69 Zeld the Skirmisher (level 4, -1/39 HPs)
             Began as a Palentonga Fighter on May 19, 2022.
             Slain by a kobold brigand
             ... wielding a +0 club
              (3 damage)
             ... in a sewer.
             The game lasted 00:01:49 (2160 turns).

Zeld the Skirmisher (Palentonga Fighter)            Turns: 2160, Time: 00:01:49

Health: -1/39      AC:  7    Str: 21    XL:     4   Next: 2%
Magic:  4/4        EV:  7    Int:  8    God:
Gold:   72         SH:  4    Dex: 10    Spells: 3/3 levels left

rFire   . . .      SeeInvis +   a - +0 long sword
rCold   . . .      Faith    .   q - +0 buckler
rNeg    . . .      Spirit   .   b - +0 scale mail
rPois   .          Reflect  .   k - +0 helmet
rElec   .          Harm     .   (no cloak)
rCorr   .          Rampage  .   (no gloves)
Will    .....                   (no barding)
Stlth   ..........              (no amulet)
HPRegen 0.13/turn               (no ring)
MPRegen 0.09/turn               (no ring)

@: no status effects
A: large, rugged brown scales 3, see invisible, deformed body, roll 1, armoured
tail
a: Rolling Charge


You were in a sewer.
You visited 1 branch of the dungeon, and saw 3 of its levels.
You also visited: Sewer.

You collected 72 gold pieces.

Inventory:

Hand Weapons
 a - a +0 long sword (weapon)
Armour
 b - a +0 scale mail (worn)
 k - a +0 helmet (worn)
 q - a +0 buckler (worn)
Scrolls
 e - a scroll of silence {unknown}
 g - a scroll of identify {unknown}
 h - a scroll of immolation {unknown}
 j - a scroll of acquirement {unknown}
Potions
 c - a potion of mutation {unknown}
 d - a potion of might
 f - a potion of brilliance {unknown}
 i - a potion of flight {unknown}


   Skills:
 * Level 3.6 Fighting
 * Level 3.0 Long Blades
 - Level 2.4 Armour
 + Level 1.0 Dodging
 + Level 2.8 Shields


You had 3 spell levels left.
You didn't know any spells.
Your spell library was empty.

Dungeon Overview and Level Annotations

Branches:
Dungeon (3/15)              Sewer (1/1)

Altars:

Shops:
D:2 =

Annotations:
D:3 Jessica


Innate Abilities, Weirdness & Mutations

You are completely covered in rugged brown scales. (AC +3, +7% HP)
You have supernaturally acute eyesight. (SInv)
Armour fits poorly on your strangely shaped body.
You can roll at nearby foes to attack.
You have a long armoured tail.


Message History

The kobold hits you with a +0 short sword.
The kobold brigand hits you but does no damage.
The kobold hits you but does no damage.
The kobold brigand hits you with a +0 dagger of electrocution.
The kobold brigand hits you with a +0 club.
The kobold hits you but does no damage. x2
Unknown command.
You are too injured to fight recklessly!
You are too injured to fight recklessly!
You are too injured to fight recklessly!
Unknown command.
You are too injured to fight recklessly!
You hit the kobold brigand.
The kobold brigand is moderately wounded.
The kobold brigand hits you with a +0 dagger of electrocution.
The kobold barely misses you.
The kobold brigand hits you but does no damage.
The kobold barely misses you.
Unknown command.
You barely miss the kobold brigand.
The kobold brigand is moderately wounded.
The kobold brigand barely misses you.
The kobold hits you with a +0 short sword.
The kobold brigand barely misses you. The kobold barely misses you.
Unknown command.
Unknown command.
You slash the kobold brigand!
The kobold brigand is severely wounded.
The kobold brigand hits you with a +0 dagger of electrocution!
* * * LOW HITPOINT WARNING * * *
The kobold barely misses you.
The kobold brigand hits you with a +0 club.
* * * LOW HITPOINT WARNING * * *
The kobold hits you but does no damage. You block the kobold brigand's attack.
Unknown command.
You barely miss the kobold brigand.
Your tail-slap misses the kobold brigand.
You block the kobold's attack.
The kobold brigand hits you with a +0 club.
You die...

#∩∩.#≈≈≈#
#...'≈≈≈#
######≈≈≈#
#[.!!#≈≈≈#
#..∩.#≈≈≈#
#.!..#≈≈≈#
#.KK.#≈≈≈#
##KK##≈≈≈#
#.K@K#≈≈≈#
###...≈#≈≈≈#
#....≈≈≈≈≈≈#
##...≈≈≈≈≈≈#
#...≈P#≈≈≈#
#....≈≈#≈≈≈#
#......#≈≈≈#
#....P.#≈≈≈≈
#......#≈≈≈≈≈


You could see 2 kobold brigands and 4 kobolds.

Vanquished Creatures
  2 adders (D:2)
  2 worms (D:2)
  5 ball pythons
  7 bats
  An endoplasm (D:1)
  2 giant cockroaches
  5 goblins
  4 hobgoblins
  2 quokkas (D:1)
  3 frilled lizards
  6 kobolds
  3 rats
42 creatures vanquished.

Notes
Turn   | Place    | Note
-------+----------+-------------------------------------------
     0 | D:1      | Zeld the Palentonga Fighter began the quest for the Orb.
     0 | D:1      | Reached XP level 1. HP: 19/19 MP: 1/1
   264 | D:1      | Reached XP level 2. HP: 13/25 MP: 2/2
   446 | D:1      | Found a faded altar of an unknown god.
   976 | D:2      | Reached XP level 3. HP: 31/31 MP: 3/3
  1074 | D:2      | Found Foseham's Jewellery Shop.
  1938 | D:3      | Reached skill level 1 in Dodging
  1979 | D:3      | Reached XP level 4. HP: 39/39 MP: 4/4
  2111 | D:3      | Found a glowing drain.
  2115 | D:3      | Noticed Jessica
  2121 | Sewer    | Entered a sewer
  2152 | Sewer    | Noticed a kobold brigand
  2152 | Sewer    | Noticed a kobold brigand
  2160 | Sewer    | Slain by a kobold brigand

Illustrated notes

Levels and vault maps discovered:
D:1:      saegor_arrival_simple_c, layout_loops_ring,
          shapermc_ecumenical_altar_totnotflames, chequers_garden
D:2:      layout_basic, serial_shops, nicolae_diamond_shop,
          hangedman_abyss_or_decor_stabs
D:3:      layout_basic, cheibrodos_sewer_entry_drain, uniq_jessica
Sewer:    kennysheep_pipe_town

Skill      XL: |  1  2  3  4 |
---------------+-------------+-----
Dodging        | 1 |  1.0
Long Blades    | 3 |  3.0
Fighting       | |  3.6
Armour         | |  2.4
Shields        | |  2.8

Action                   |  1- 3 |  4- 6 || total
-------------------------+-------+-------++-------
Melee: Long sword        |   112 |    15 ||   127
       Tailslap          |    13 |     2 ||    15
 Abil: Rolling Charge    |     2 |       ||     2
Armor: Scale mail        |    57 |    13 ||    70
Dodge: Dodged            |    43 |    10 ||    53
Block: Buckler           |    31 |     3 ||    34
